 Dungeon Crawl Stone Soup version 0.25.1-2-g60ff931df9 (webtiles) character file.

Game seed: 7180112175324237016

44 hawla the Charlatan (level 3, 0/28 HPs)
             Began as a Minotaur Artificer on Oct 12, 2020.
             Succumbed to an adder's poison
             ... on level 2 of the Dungeon.
             The game lasted 00:07:53 (1146 turns).

hawla the Charlatan (Minotaur Artificer)            Turns: 1146, Time: 00:07:54

Health: 0/28       AC:  8    Str: 16    XL:     3   Next: 41%
Magic:  4/4        EV:  7    Int:  9    God:
Gold:   79         SH:  0    Dex: 10    Spells: 2/2 levels left

rFire    . . .     SeeInvis .   l - +0 mace
rCold    . . .     Gourm    .   (no shield)
rNeg     . . .     Faith    .   k - +0 chain mail
rPois    .         Spirit   .   (helmet restricted)
rElec    .         Reflect  .   (no cloak)
rCorr    .         Harm     .   (no gloves)
MR       .....                  (no boots)
Stlth    ..........             (no amulet)
HPRegen  0.09/turn              p - -4 ring of slaying (curse)
MPRegen  0.09/turn              (no ring)

@: lethally poisoned (0 -> -4)
A: retaliatory headbutt, horns 2
a: no special abilities


You were on level 2 of the Dungeon.
You were not hungry.

You visited 1 branch of the dungeon, and saw 2 of its levels.

You collected 79 gold pieces.

Inventory:

Hand Weapons
 l - a +0 mace (weapon)
Armour
 k - a +0 chain mail (worn)
Jewellery
 p - a cursed -4 ring of slaying (left hand)
Wands
 c - a wand of flame (7)
 d - a wand of enslavement (15)
 e - a wand of random effects (4)
Scrolls
 a - a scroll of remove curse
 h - a scroll of magic mapping {unknown}
Potions
 b - a potion of flight
Comestibles
 f - 2 rations
 j - 2 chunks of flesh


   Skills:
 + Level 1.5 Fighting
   Level 1.1 Short Blades
 + Level 0.2 Maces & Flails
 + Level 0.8 Armour
 + Level 2.4 Dodging
 - Level 0.7 Stealth
 * Level 3.7 Evocations


You had 2 spell levels left.
You didn't know any spells.
Your spell library was empty.

Dungeon Overview and Level Annotations

Branches:
Dungeon (2/15)

Altars:


Innate Abilities, Weirdness & Mutations

You reflexively headbutt those who attack you in melee.
You have a pair of horns on your head.


Message History

You are very lightly contaminated with residual magic.
It was a potion of might.
You feel very mighty all of a sudden.
There is a lethal amount of poison in your body!
There is a lethal amount of poison in your body!
There is a lethal amount of poison in your body!
There is a lethal amount of poison in your body!
Your magical effects are unravelling.
You feel magically purged.
Your magical contamination has completely faded away.
You feel less wooden.
Your +0 chain mail unmelds from your body.
You feel yourself slow down.
You flicker back into view.
You feel a little less mighty now.
* * * LOW HITPOINT WARNING * * *
You feel sick.
Unknown command.
* * * LOW HITPOINT WARNING * * *
You feel sick.
You die...

# .###### #
#.
.....##.#
..# #.....
#.## #†.#
#.. ##..#
#($%#...#
(.##.## #.
###.#@#
#..##.##..#
#.....÷.##
####..###
#.## #.#
#.# #.# #.#


There were no monsters in sight!

Vanquished Creatures
  An adder (D:2)
  2 dart slugs (D:1)
  A leopard gecko (D:2)
  4 bats (D:1)
  A giant cockroach (D:1)
  2 goblins (D:1)
  4 hobgoblins
  A jackal (D:2)
  6 kobolds
  2 frilled lizards
  4 rats
28 creatures vanquished.

Notes
Turn   | Place    | Note
-------+----------+-------------------------------------------
     0 | D:1      | hawla the Minotaur Artificer began the quest for the Orb.
     0 | D:1      | Reached XP level 1. HP: 16/16 MP: 1/1
     2 | D:1      | Noticed a merfolk zombie
     8 | D:1      | Noticed a merfolk zombie
    43 | D:1      | Reached skill level 3 in Evocations
   200 | D:1      | Reached XP level 2. HP: 23/23 MP: 3/3
   982 | D:2      | Reached XP level 3. HP: 27/28 MP: 4/4
  1144 | D:2      | HP: 1/28 [poisoned by an adder]
  1146 | D:2      | Succumbed to an adder's poison

Illustrated notes

Levels and vault maps discovered:
D:1:      shiori_arrival_whats_in_store_for_you, layout_basic, serial_glass,
          glass_columns_c, glass_columns_a, glass_columns_a, glass_columns_c,
          glass_columns_c, glass_columns_a, glass_columns_a, glass_columns_c,
          feat_on_display, minmay_strange_pillars, minmay_misc_feat_ornament
D:2:      layout_loops_corners, first_ration, minmay_heptomino_d4

Skill      XL: |  1 |
---------------+----+-----
Evocations     | 3 |  3.7
Fighting       | |  1.5
Short Blades   | |  1.1
Maces & Flails | |  0.2
Armour         | |  0.8
Dodging        | |  2.4
Stealth        | |  0.7

Action                   || total
-------------------------++-------
Melee: Club              ||    60
       Headbutt          ||     4
       Mace              ||    22
Evoke: Wand              ||    19
  Use: Scroll            ||     4
       Potion            ||     5
 Stab: Paralysed         ||     3
  Eat: Chunk             ||     1
Armor: Chain mail        ||    57
       Ring mail         ||     6
Dodge: Dodged            ||    48
